 Dungeon Crawl Stone Soup version 0.27.1-33-g824d729ab1 (webtiles) character file.

Game seed: 5873091553672933733

29199 zeram the Severer (level 13, -16/116 HPs)
             Began as a Hill Orc Fighter on Nov 27, 2021.
             Was an Elder of Qazlal.
             Demolished by an orc warrior (24 damage)
             ... while paralysed by an orc sorcerer
             ... on level 2 of the Orcish Mines.
             The game lasted 00:31:32 (20219 turns).

zeram the Severer (Hill Orc Fighter)               Turns: 20219, Time: 00:31:33

Health: -16/116    AC: 20    Str: 24    XL:     13   Next: 43%
Magic:  13/13      EV:  2    Int:  8    God:    Qazlal [****..]
Gold:   1320       SH:  0    Dex: 10    Spells: 12/12 levels left

rFire    + . .     SeeInvis .   D - +1 war axe (vorpal)
rCold    . . .     Faith    .   s - +0 tower shield
rNeg     . . .     Spirit   .   J - +2 plate armour {rF+}
rPois    .         Reflect  +   t - +0 hat
rElec    .         Harm     .   g - +0 cloak
rCorr    .         Rampage  .   (no gloves)
Will     +....                  o - +1 pair of boots
Stlth    ..........             i - amulet of reflection
HPRegen  0.29/turn              r - ring of willpower
MPRegen  0.13/turn              (no ring)

@: paralysed, lethally poisoned (-16 -> -30), repel missiles
A: no striking features
a: Renounce Religion, Convert to Beogh, Upheaval, Elemental Force


You were on level 2 of the Orcish Mines.
You worshipped Qazlal.
Qazlal was greatly pleased with you.
You visited 3 branches of the dungeon, and saw 16 of its levels.

You collected 1320 gold pieces.

Inventory:

Hand Weapons
 a - a +0 war axe
 d - a +1 flail of draining
 D - a +1 vorpal war axe (weapon)
Missiles
 q - a throwing net (quivered)
Armour
 b - a +0 scale mail
 g - a +0 cloak (worn)
 l - quicksilver dragon scales
 o - a +1 pair of boots (worn)
 s - a +0 tower shield (worn)
 t - a +0 hat (worn)
 F - a +0 plate armour
 J - a +2 plate armour of fire resistance (worn)
Jewellery
 i - an amulet of reflection (around neck)
 k - a ring of ice
 p - a ring of positive energy
 r - a ring of willpower (left hand)
 u - a +6 ring of intelligence
 I - an amulet of faith
Wands
 n - a wand of flame (36)
 y - a wand of digging (8)
 E - a wand of paralysis (6)
 G - a wand of charming (5)
 H - a wand of acid (17)
Scrolls
 c - a scroll of holy word
 e - 5 scrolls of amnesia
 j - a scroll of fog
 w - 4 scrolls of magic mapping
 A - a scroll of teleportation
Potions
 f - 3 potions of flight
 h - 2 potions of curing
 m - 2 potions of brilliance
 v - 2 potions of mutation
 x - a potion of attraction
 z - a potion of cancellation
 B - 2 potions of magic
 C - a potion of resistance


   Skills:
 + Level 11.1 Fighting
 + Level 16.1 Axes
 + Level 9.6 Armour
 + Level 14.9 Shields
 - Level 0.2 Evocations


You had 12 spell levels left.
You didn't know any spells.
Your spell library contained the following spells:

 Spells                   Type           Power      Damage    Failure   Level
 Foxfire                  Conj/Fire      0%         2x1d4     100%        1
 Freeze                   Ice            0%         1d3       100%        1
 Conjure Flame            Conj/Fire      0%         6-21      100%        3
 Frozen Ramparts          Ice            0%         1d2       100%        3
 Inner Flame              Hex/Fire       0%         N/A       100%        3
 Stone Arrow              Conj/Erth      0%         3d7       100%        3
 Hailstorm                Conj/Ice       0%         3d3       100%        4
 Passage of Golubria      Tloc           N/A        N/A       100%        4
 Bolt of Magma            Conj/Fire/Erth 0%         4d4       100%        5
 Silence                  Hex/Air        0%         N/A       100%        5
 Lehudib's Crystal Spear  Conj/Erth      0%         10d2      100%        8
 Shatter                  Erth           0%         3d5*      100%        9


Dungeon Overview and Level Annotations

Branches:
Dungeon (13/15)            Temple (1/1) D:6            Lair (0/6) D:10
    Orc (2/2) D:11
    Elf: Orc:2       Vaults: D:13-14

Altars:
Ashenzari
Cheibriados
Dithmenos
Elyvilon
Fedhas
Gozag
Hepliaklqana
Kikubaaqudgha
Makhleb
Nemelex Xobeh
Okawaru
Qazlal
Ru
Sif Muna
Trog
Uskayaw
Vehumet
Wu Jian
Xom
Yredelemnul
Zin
The Shining One
Beogh

Annotations:
D:4 2 transporters, KittyFluff's ghost, amateur GrBe


Message History

The orc wizard flickers and vanishes!
Deactivating autopickup; reactivate with Ctrl-A.
The orc sorcerer points at you and mumbles some strange words.
You suddenly lose the ability to move!
The orc warrior hits you with a +0 war axe.
The orc warrior hits you from afar with a +0 trident!
The orc knight is engulfed in blazing flames.
You kill the orc knight!
Qazlal accepts your kill.
The orc sorcerer points at you and mumbles some strange words.
The bolt of fire hits you. You resist.
The orc warrior hits you with a +0 war axe!
The orc wizard hits you with a +2 dagger of venom.
You are poisoned.
The orc warrior hits you from afar with a +0 trident!
A magic dart appears from out of thin air!
The magic dart hits you but does no damage.
The orc sorcerer casts a spell at you. You resist with almost no effort.
The orc warrior hits you with a +0 war axe!!
You feel very sick.
You hear a shout!
An orc priest comes into view.
It is wielding a +0 dagger and wearing a +2 ring mail of cold resistance.
The orc wizard gestures at you while chanting.
The puff of flame hits you. You resist.
The orc warrior hits you from afar with a +0 trident.
The orc sorcerer is struck by lightning.
You kill the orc sorcerer!
Qazlal accepts your kill.
The orc warrior hits you with a +0 war axe!!
* * * LOW HITPOINT WARNING * * *
You feel sick.
The orc wizard hits you but does no damage.
You are more poisoned.
The orc priest calls down the wrath of Beogh upon you.
Beogh smites you!
* * * LOW HITPOINT WARNING * * *
The orc warrior is engulfed in blazing flames.
The orc warrior hits you with a +0 scimitar of protection!!
You die...

......_...o...
.............
............
#.........
........
#.°o○{# ###
#..§oo# ##.##
#8.o@8###
#...#
#...°.#.##
##.####
#....°#..#
##...##.
###...#.##
#...###.
##......#
##......
##..[...##
##..... ###
#..[[#.##
#..... ##.##
##.#....##
#####...
#...##
##.[....# .#
##..


You could see 3 orc warriors, an orc priest and an orc wizard (strong).

Vanquished Creatures
  An orc warlord (Orc:1)
  Harold (D:9)
  A boulder beetle (D:12)
  A centaur warrior (D:13)
  3 two-headed ogres
  The ghost of DemonSlayer the Cleaver, a journeyman TeBe of Trog (D:9)
  4 death yaks
  2 orc high priests
  Nergalle (Orc:1)
  4 orc knights
  3 orc sorcerers
  A cyclops (D:9)
  2 gargoyles
  A komodo dragon (D:10)
  6 trolls
  A hornet (D:8)
  Grinder (D:6)
  11 slime creatures
  2 shadows
  3 wyverns
  5 wraiths
  4 hogs (D:7)
  10 yaks
  Eustachio (D:5)
  Grum (D:10)
  5 humans
  A basilisk (D:8)
  Menkaure (D:5)
  A steam dragon (D:9)
  4 vampire mosquitoes (D:12)
  A warg (Orc:2)
  14 orc warriors
  A black bear (D:6)
  3 ogres
  4 wolves (D:10)
  4 centaurs
  3 kobold brigands
  4 bullfrogs
  A scorpion (D:6)
  A wyvern zombie (D:9)
  A water moccasin zombie (D:5)
  3 water moccasin skeletons
  9 killer bees
  3 howler monkeys
  5 centaur zombies
  2 bullfrog zombies
  A jelly (D:6)
  7 hounds
  19 orc priests
  2 gnoll shamans
  Jessica (D:3)
  2 iguanas
  18 orc wizards
  Natasha (thrice) (D:4)
  A killer bee zombie (D:5)
  A hound skeleton (D:4)
  6 gnolls
  A howler monkey skeleton (D:6)
  5 adders
  A shadow imp (D:5)
  A white imp (D:6)
  An adder skeleton (D:4)
  2 worms (D:2)
  A dart slug (D:2)
  41 orcs
  4 endoplasms
  4 giant cockroaches
  4 goblins
  2 hobgoblins
  12 jackals
  17 kobolds
  2 quokkas
  6 ball pythons
  2 bats
  3 frilled lizards
  4 rats
316 creatures vanquished.

Vanquished Creatures (others)
  3 plants (D:1)
  2 withered plants (D:9)
5 creatures vanquished.

Grand Total: 321 creatures vanquished

Notes
Turn   | Place    | Note
-------+----------+-------------------------------------------
     0 | D:1      | zeram the Hill Orc Fighter began the quest for the Orb.
     0 | D:1      | Reached XP level 1. HP: 19/19 MP: 1/1
   252 | D:1      | Found a faded altar of an unknown god.
   317 | D:1      | Reached XP level 2. HP: 27/27 MP: 2/2
   523 | D:1      | Reached skill level 3 in Axes
   763 | D:2      | Reached XP level 3. HP: 32/33 MP: 3/3
  1483 | D:2      | Found a bloodstained altar of Trog.
  1662 | D:2      | Reached XP level 4. HP: 40/40 MP: 4/4
  2372 | D:3      | Noticed Jessica
  2380 | D:3      | Killed Jessica
  2381 | D:3      | Reached skill level 4 in Axes
  2825 | D:4      | Found a transporter.
  3011 | D:4      | Found a transporter.
  3012 | D:4      | Noticed KittyFluff's ghost (amateur GrBe)
  3033 | D:4      | Noticed Natasha
  3038 | D:4      | Killed Natasha
  3039 | D:4      | Reached XP level 5. HP: 46/46 MP: 5/5
  3112 | D:4      | Noticed Natasha
  3128 | D:4      | Killed Natasha
  3257 | D:4      | Noticed a centaur
  3262 | D:4      | Killed a centaur
  3263 | D:4      | Reached skill level 5 in Axes
  3263 | D:4      | Reached XP level 6. HP: 45/53 MP: 6/6
  3360 | D:4      | Noticed Natasha
  3369 | D:4      | Killed Natasha
  3444 | D:4      | Reached skill level 6 in Axes
  3586 | D:4      | Found a radiant altar of Vehumet.
  3746 | D:5      | Entered Level 5 of the Dungeon
  3746 | D:5      | Noticed Eustachio
  3834 | D:5      | Killed Eustachio
  3835 | D:5      | Reached skill level 5 in Shields
  3835 | D:5      | Reached XP level 7. HP: 44/60 MP: 7/7
  3926 | D:5      | Reached skill level 7 in Axes
  3950 | D:5      | Reached skill level 5 in Fighting
  4112 | D:5      | Reached skill level 5 in Armour
  4352 | D:5      | Found an ancient bone altar of Kikubaaqudgha.
  4353 | D:5      | Noticed Menkaure
  4364 | D:5      | Killed Menkaure
  4365 | D:5      | Reached skill level 8 in Axes
  4365 | D:5      | Reached XP level 8. HP: 29/68 MP: 8/8
  4555 | D:5      | Found a burning altar of Makhleb.
  4985 | D:6      | Noticed Grinder
  5003 | D:6      | Paralysed by Grinder for 5 turns
  5014 | D:6      | Killed Grinder
  5195 | D:6      | Found a staircase to the Ecumenical Temple.
  5234 | Temple   | Entered the Ecumenical Temple
  5466 | Temple   | Became a worshipper of Qazlal Stormbringer
  5915 | D:6      | Reached skill level 9 in Axes
  5937 | D:6      | Reached XP level 9. HP: 64/75 MP: 9/9
  6088 | D:6      | Found a shadowy altar of Dithmenos.
  6866 | D:6      | Reached skill level 10 in Axes
  6869 | D:6      | Reached * piety under Qazlal
  7247 | D:7      | Reached skill level 11 in Axes
  7247 | D:7      | Reached XP level 10. HP: 81/86 MP: 10/10
  7531 | D:7      | Reached skill level 10 in Shields
  7705 | D:7      | Found a glowing silver altar of Zin.
  7706 | D:7      | Found a basalt altar of Yredelemnul.
  7707 | D:7      | Found an ornate altar of the Wu Jian Council.
  7708 | D:7      | Found a glowing golden altar of the Shining One.
  8282 | D:8      | Found a hazy altar of Hepliaklqana.
  9055 | D:8      | Found a shimmering blue altar of Sif Muna.
  9786 | D:9      | Reached ** piety under Qazlal
 10334 | D:9      | Found a runed translucent door.
 10339 | D:9      | Noticed DemonSlayer's ghost (journeyman TeBe)
 10345 | D:9      | Noticed a cyclops
 10346 | D:9      | Found a hide-covered altar of Uskayaw.
 10346 | D:9      | Noticed a +0 hand axe
 10347 | D:9      | Noticed a +0 hand axe
 10353 | D:9      | Killed a cyclops
 10354 | D:9      | Reached skill level 12 in Axes
 10757 | D:9      | Noticed Harold
 10778 | D:9      | Killed Harold
 10779 | D:9      | Reached XP level 11. HP: 60/94 MP: 11/11
 11150 | D:9      | Killed DemonSlayer's ghost
 11337 | D:10     | Entered Level 10 of the Dungeon
 11338 | D:10     | Noticed a death yak
 11338 | D:10     | Noticed a death yak
 11338 | D:10     | Noticed a death yak
 11338 | D:10     | Noticed a death yak
 11342 | D:10     | Noticed a death yak
 11342 | D:10     | Noticed a death yak
 11355 | D:9      | Killed a death yak
 11905 | D:10     | Reached skill level 13 in Axes
 11923 | D:10     | Noticed Grum
 11970 | D:10     | Killed Grum
 12329 | D:10     | Noticed a two-headed ogre
 12351 | D:10     | Killed a two-headed ogre
 12390 | D:10     | Noticed a two-headed ogre
 12398 | D:10     | Killed a two-headed ogre
 12511 | D:10     | Found a staircase to the Lair.
 12937 | D:10     | Killed a death yak
 13208 | D:10     | Killed a death yak
 13209 | D:10     | Reached skill level 14 in Axes
 13218 | D:10     | Killed a death yak
 13219 | D:10     | Reached XP level 12. HP: 63/104 MP: 12/12
 13601 | D:11     | Found a staircase to the Orcish Mines.
 13607 | D:11     | Noticed a two-headed ogre
 13622 | D:11     | Killed a two-headed ogre
 13622 | D:11     | Reached *** piety under Qazlal
 15039 | D:12     | Noticed a boulder beetle
 15060 | D:12     | Reached skill level 15 in Axes
 15440 | D:12     | Killed a boulder beetle
 15881 | D:11     | Reached skill level 10 in Fighting
 16532 | D:13     | Noticed a centaur warrior
 16535 | D:13     | Killed a centaur warrior
 16548 | D:13     | Noticed a centaur warrior
 16548 | D:13     | Noticed a seven-headed hydra
 16578 | Orc:1    | Entered Level 1 of the Orcish Mines
 16968 | Orc:1    | Noticed an orc high priest
 16981 | Orc:1    | Noticed a soul eater
 16982 | Orc:1    | Noticed a soul eater
 17189 | Orc:1    | Killed an orc high priest
 17254 | Orc:1    | Found a roughly hewn altar of Beogh.
 17486 | Orc:1    | Reached XP level 13. HP: 103/114 MP: 13/13
 17791 | Orc:2    | Entered Level 2 of the Orcish Mines
 17810 | Orc:2    | Reached **** piety under Qazlal
 19064 | Orc:2    | Reached skill level 16 in Axes
 19064 | Orc:2    | Noticed an orc warlord
 19069 | Orc:2    | Noticed Nergalle
 19494 | Orc:1    | Killed an orc warlord
 19990 | Orc:1    | Killed Nergalle
 20203 | Orc:2    | Found a roughly hewn altar of Beogh.
 20215 | Orc:2    | Paralysed by an orc sorcerer for 6 turns
 20219 | Orc:2    | Demolished by an orc warrior

Illustrated notes

Levels and vault maps discovered:
D:1:      lightli_arrival_flooded_house, layout_rooms,
          shapermc_ecumenical_altar_mp_urbaneastern, serial_bayou_lake_a
D:2:      layout_basic, basic_altar, grunt_decor_cap
D:3:      layout_basic, st_stairs_7, amcnicky_mini_rare_corridor_liquid,
          uniq_jessica
D:4:      layout_loops_ring, mainiacjoe_overflow_chevrons,
          gammafunk_ghost_mausoleum, kennysheep_doodads, uniq_natasha
D:5:      layout_basic, makhleb_heckhound_becter, kiku_gazebo_pond_becter,
          chequers_decorated_corner, uniq_eustachio, uniq_menkaure
D:6:      layout_cave_pools, grunt_dithmenos_smoke,
          minmay_temple_entry_glassed_door, minmay_puff, uniq_grinder
D:7:      layout_loops_cross, mainiacjoe_overflow_alcove_3, grunt_livestock,
          minmay_ruffians
D:8:      layout_basic, lemuel_crystal_altar, lemuel_blue_sif_altar,
          minmay_splitting_lines, minmay_starry_boxes
D:9:      layout_long_grid, dancing_weapons_uskayaw, gammafunk_ghost_grave,
          uniq_harold
D:10:     layout_gridville, dpeg_lair_monsters, uniq_grum
D:11:     layout_basic, orc_0_dummy
D:12:     layout_irregular_city
D:13:     layout_rooms, serial_shops, shop, grunt_qazlal_sundering
Temple:   bh_familiar_temple
Orc:1:    layout_caves, basic_altar
Orc:2:    grunt_orc_cross, layout_diamond_mine

Skill      XL: |  1  2  3  4  5  6  7  8  9 10 11 12 13 |
---------------+----------------------------------------+-----
Axes           | 3 4 5 6 8 9 11 12 14 15 16 | 16.1
Fighting       | 4 5 6 7 8 9 10 11 | 11.1
Armour         | 4 5 6 7 8 9 |  9.6
Shields        | 4 5 6 7 9 11 12 14 | 14.9
Evocations     | |  0.2

Action                   |  1- 3 |  4- 6 |  7- 9 | 10-12 | 13-15 || total
-------------------------+-------+-------+-------+-------+-------++-------
Melee: War axe           |    98 |   123 |   306 |   680 |   181 ||  1388
Throw: Throwing net      |       |       |       |     1 |     1 ||     2
Evoke: Wand              |       |       |       |     1 |     1 ||     2
  Use: Scroll            |     4 |     4 |       |    16 |       ||    24
       Potion            |       |       |     4 |    10 |       ||    14
 Stab: Invisible         |       |       |       |     2 |     2 ||     4
       Paralysed         |       |       |       |       |     6 ||     6
Armor: Scale mail        |    33 |    59 |   105 |    46 |       ||   243
       Quicksilver drago |       |       |       |    81 |       ||    81
       Plate armour      |       |       |       |    12 |    40 ||    52
Dodge: Dodged            |    23 |    26 |    54 |   105 |     7 ||   215
Block: Kite shield       |    59 |    44 |       |       |       ||   103
       Tower shield      |       |    97 |   381 |   940 |   187 ||  1605
       Reflection        |       |     1 |     5 |    28 |       ||    34
